 Dungeon Crawl Stone Soup version 0.31-a0-774-g0d66cbabe8 (webtiles) character file.

Game seed: 1773775741497499825

121 Shayle the Changeling (level 5, -1/53 HPs)
             Began as an Ogre Shapeshifter on Sept 17, 2023.
             Slain by a goblin
             ... wielding a +0 club
             ... led by Robin
              (4 damage)
             ... on level 3 of the Dungeon.
             The game lasted 00:05:03 (1778 turns).

Shayle the Changeling (Ogre Shapeshifter)           Turns: 1778, Time: 00:05:04

Health: -1/53      AC:  4    Str: 18    XL:     5   Next: 5%
Magic:  8/8        EV:  9    Int: 13    God:
Gold:   111        SH:  0    Dex:  8    Spells: 8/8 levels left

rFire   + .          .
                       - Unarmed
rCold   . . .        (no shield)
rNeg    . . .        a - +1 animal skin
rPois   .            (helmet currently unavailable)
rElec   .            (cloak currently unavailable)
rCorr   .            (gloves unavailable)
SInv    .            (boots unavailable)
Will    .....        (no amulet)
Stlth   +            k - ring of protection from fire
HPRegen 0.28/turn    (no ring)
MPRegen 0.11/turn

%: no passive effects
@: beast-form
A: beast (slay +2), large, unfitting armour, tough skin 1
a: Begin Untransformation


You were on level 3 of the Dungeon.
You were a hulking beast.
You visited 1 branch of the dungeon, and saw 3 of its levels.

You collected 111 gold pieces.

Inventory:

Hand Weapons
 i - a +0 broad axe
 o - the +8 short sword of Superiority {heavy, Drain rPois rC+ Will++}
   (You found it on level 3 of the Dungeon)

   rC+:       It protects you from cold.
   rPois:     It protects you from poison Will++: It greatly increases your
   willpower.
   Drain:     It drains your maximum health when unequipped.
Armour
 a - a +1 animal skin (worn)
Jewellery
 f - a ring of ice
 k - a ring of protection from fire (left hand)
Talismans
 c - a beast talisman (active)
 d - a flux talisman
Potions
 b - a potion of lignification
 e - 2 potions of curing
 h - 3 potions of berserk rage
 j - a potion of enlightenment
 n - a potion of haste


   Skills:
 + Level 3.2 Fighting
 - Level 1.7 Dodging
 + Level 3.4 Unarmed Combat
 + Level 2.2 Spellcasting
 + Level 3.6 Shapeshifting


You had 8 spell levels left.
You didn't know any spells.
Your spell library contained the following spells:

 Spells                   Type           Power      Damage    Failure   Level
 Call Canine Familiar     Summ           1%         N/A       58%         3
 Frozen Ramparts          Ice            2%         1d1       58%         3
 Sigil of Binding         Hex            1%         N/A       58%         3
 Dimensional Bullseye     Hex/Tloc       0%         N/A       94%         4
 Leda's Liquefaction      Hex/Erth       0%         N/A       94%         4
 Petrify                  Tmut/Erth      1%         N/A       94%         4
 Metabolic Englaciation   Hex/Ice        0%         N/A       100%        5


Dungeon Overview and Level Annotations

Branches:
Dungeon (3/15)

Altars:
Hepliaklqana

Shops:
D:3 [

Annotations:
D:3 Robin


Innate Abilities, Weirdness & Mutations

You are a hulking beast.
Your limbs bulge with bestial killing power. (Slay +2)
You are too large for most types of armour.
You have tough skin. (AC +1)


Message History

It is a scroll of amnesia.
You feel forgetful for a moment. The goblin barely misses you.
The goblin closely misses you. The goblin hits you but does no damage.
The goblin misses you. The goblin barely misses you.
Robin throws the goblin at you!
* * * LOW HITPOINT WARNING * * *
Unknown command.
As you read the scroll labelled RUBRIPLU ZIACWEVOK, it crumbles to dust.
Wisps of shadow whirl around you...
It was a scroll of summoning.
The goblin completely misses you. The goblin closely misses you.
The ball python closely misses you. The goblin hits you with a +0 club.
* * * LOW HITPOINT WARNING * * *
The goblin barely misses you. The goblin hits you with a +0 club.
* * * LOW HITPOINT WARNING * * *
The goblin hits you with a +0 club.
* * * LOW HITPOINT WARNING * * *
Unknown command.
Okay, then.
You feel better.
Your bat hits the goblin.
The goblin dies!
The ball python bites you but does no damage.
The goblin hits you with a +0 club.
* * * LOW HITPOINT WARNING * * *
The goblin hits you with a +0 club.
* * * LOW HITPOINT WARNING * * *
The goblin hits you but does no damage. The goblin closely misses you.
The goblin hits you but does no damage. Robin throws the goblin at you!
Your endoplasm freezes the goblin.
The goblin is frozen.
You feel better.
Your bat hits the goblin. The ball python closely misses you.
The goblin hits you but does no damage. The goblin hits you with a +0 club.
* * * LOW HITPOINT WARNING * * *
The goblin hits you with a +0 club.
* * * LOW HITPOINT WARNING * * *
The goblin hits you with a +0 dagger.
* * * LOW HITPOINT WARNING * * *
The goblin hits your endoplasm with a +0 club.
Robin completely misses you.
Your bat barely misses the goblin.
The goblin hits you with a +0 club.
You die...

......... .......
......... #.......
........=.### #.#.#..#
............ #.#.#..#
...........####.#.#..#####
....#..###..)##.#...[....#
...#......#..............#
...............ggg.......#
..............rShg.......#
...............gggb......#
...............gJ........#
.....>...................#
...........>.............#
.........................#
.........................#
...)).....#.....#..#######
...<...#####.........


You could see Robin, a hobgoblin (strong), 6 goblins, a ball python, a rat, a
friendly endoplasm (summoned) and a friendly bat (summoned).

Vanquished Creatures
  Jessica (D:2)
  An iguana (D:2)
  A gnoll (D:1)
  An adder (D:3)
  2 worms (D:2)
  2 bats (D:1)
  3 endoplasms
  A hobgoblin (D:2)
  6 jackals (D:1)
  4 kobolds
  6 ball pythons
  5 frilled lizards
  9 goblins
  4 rats
46 creatures vanquished.

Vanquished Creatures (collateral kills)
  A goblin (D:3)
1 creature vanquished.

Grand Total: 47 creatures vanquished

Notes
Turn   | Place    | Note
-------+----------+-------------------------------------------
     0 | D:1      | Shayle the Ogre Shapeshifter began the quest for the Orb.
     0 | D:1      | Reached XP level 1. HP: 19/19 MP: 1/1
   141 | D:1      | Reached XP level 2. HP: 22/28 MP: 1/3
   242 | D:1      | Reached skill level 1 in Spellcasting
   365 | D:1      | Reached XP level 3. HP: 21/35 MP: 4/4
   974 | D:2      | Noticed Jessica
   983 | D:2      | Killed Jessica
   984 | D:2      | Reached XP level 4. HP: 44/44 MP: 6/6
  1444 | D:2      | Found a hazy altar of Hepliaklqana.
  1604 | D:3      | Found Jemiof's Armour Shoppe.
  1616 | D:3      | Identified the +8 short sword of Superiority {heavy, Drain
                  | rPois rC+ Will++}
  1681 | D:3      | Reached XP level 5. HP: 38/53 MP: 8/8
  1766 | D:3      | Noticed Robin
  1778 | D:3      | Slain by a goblin

Illustrated notes

Levels and vault maps discovered:
D:1:      psy_arrival_conway, layout_rooms
D:2:      layout_loops_corners, basic_altar, minmay_misc_feat_iff, uniq_jessica
D:3:      layout_rooms, nicolae_qazlal_scattered_showers, serial_shops, shop,
          shop, nicolae_shop_tiny_statue_garden, nicolae_shop_industrial_runoff,
          gammafunk_ghost_grave, uniq_robin, uniq_crazy_yiuf_cottage

Skill      XL: |  1  2  3  4 |
---------------+-------------+-----
Fighting       | 2 3 |  3.2
Spellcasting   | 1 2 |  2.2
Unarmed Combat | 3 |  3.4
Dodging        | |  1.7
Shapeshifting  | |  3.6

Action                     |  1- 3 |  4- 6 || total
---------------------------+-------+-------++-------
  Melee: Unarmed           |   111 |    32 ||   143
         Punch             |     3 |       ||     3
    Use: Scroll            |       |     7 ||     7
         Potion            |       |     2 ||     2
 Armour: Animal skin       |    61 |    52 ||   113
  Dodge: Dodged            |    48 |    25 ||    73

Table legend: (Time is in decaauts)
 A = Elapsed time spent in this place.
 B = Non-inter-level travel time spent in this place.
 C = Inter-level travel time spent in this place.
 D = Time resting spent in this place.
 E = Time spent auto-exploring this place.
 F = Levels seen in this place.
 G = Mean time per level.
                   A        B        C        D        E       F      G
               +--------+--------+--------+--------+--------+-----+--------+
         Total |   1769 |   1710 |     59 |     99 |   1098 |   3 |  589.7 |
       Dungeon |   1769 |   1710 |     59 |     99 |   1098 |   3 |  589.7 |
               +--------+--------+--------+--------+--------+-----+--------+

Top non-repeatable levels by time:
     D:2: 920 daAuts
     D:1: 676 daAuts
     D:3: 172 daAuts
